 Dungeon Crawl Stone Soup version 0.29-a0-892-g2c4c91d9db (webtiles) character file.

Game seed: 2814552386655821749

11613 Aurophilus the Eclecticist (level 11, 0/59 HPs)
             Began as a Deep Elf Summoner on July 22, 2022.
             Was a High Priest of Sif Muna.
             Shot with an arrow by a centaur (13 damage)
             ... on level 12 of the Dungeon.
             The game lasted 01:41:43 (16591 turns).

Aurophilus the Eclecticist (Deep Elf Summoner)     Turns: 16591, Time: 01:41:43

Health: 0/59       AC:  7    Str:  4    XL:     11   Next: 51%
Magic:  9/32       EV: 15    Int: 34    God:    Sif Muna [*****.]
Gold:   649        SH:  0    Dex: 25    Spells: 22/41 levels left

rFire   . . .      SeeInvis .   z - +11 hand axe of the Mind {vorpal, Will+ Int+4 Stlth+}
rCold   . . .      Faith    +   (no shield)
rNeg    . . .      Spirit   .   a - +2 robe
rPois   .          Reflect  .   n - +0 hat
rElec   .          Harm     .   (no cloak)
rCorr   .          Rampage  .   d - +0 pair of gloves
Will    ++...                   (no boots)
Stlth   ++++......              s - amulet of faith
HPRegen 0.19/turn               r - +6 ring of dexterity
MPRegen 0.23/turn               j - +6 ring of intelligence

@: studying Long Blades, invisible
A: iridescent scales 1, agile 1, robust 1
a: Renounce Religion, Channel Magic, Forget Spell, Divine Exegesis


You were on level 12 of the Dungeon.
You worshipped Sif Muna.
Sif Muna was extremely pleased with you.
You visited 2 branches of the dungeon, and saw 14 of its levels.

You collected 649 gold pieces.

Inventory:

Hand Weapons
 z - the +11 hand axe of the Mind (weapon) {vorpal, Will+ Int+4 Stlth+}
   (You found it on level 11 of the Dungeon)

   It inflicts extra damage upon your enemies.
   Int:       It affects your intelligence (+4).
   Will:      It increases your willpower.
   Stlth:     It makes you more stealthy.
Armour
 a - a +2 robe (worn)
 d - a +0 pair of gloves (worn)
 n - a +0 hat (worn)
Magical Staves
 C - a staff of conjuration
Jewellery
 f - a ring of ice
 j - a +6 ring of intelligence (right hand)
 q - an amulet of reflection
 r - a +6 ring of dexterity (left hand)
 s - an amulet of faith (around neck)
 w - a +6 ring of strength
 y - an amulet of guardian spirit
Wands
 g - a wand of polymorph (4)
 t - a wand of flame (9)
 u - a wand of mindburst (4)
 v - a wand of light (5)
 B - a wand of charming (18)
 F - a wand of iceblast (8)
Scrolls
 b - a scroll of noise {unknown}
 h - 4 scrolls of teleportation
 l - 2 scrolls of enchant weapon
 m - 2 scrolls of magic mapping
 o - a scroll of identify
 x - a scroll of blinking
 A - a scroll of amnesia
 G - a scroll of poison
Potions
 c - 6 potions of brilliance
 e - a potion of flight
 i - 5 potions of curing
 k - 2 potions of might
 p - 3 potions of berserk rage
 I - 2 potions of invisibility


   Skills:
 + Level 3.9 Dodging
 + Level 3.6 Stealth
 * Level 15.9 Spellcasting
 * Level 5.9 Hexes
 * Level 13.3 Summonings
 - Level 4.1 Air Magic
 * Level 1.8 Invocations


You had 22 spell levels left.
You knew the following spells:

 Your Spells              Type           Power      Damage    Failure   Level
a - Summon Small Mammal   Summ           100%       N/A       0%          1
b - Call Imp              Summ           87%        N/A       0%          2
c - Call Canine Familiar  Summ           87%        N/A       1%          3
d - Summon Guardian Gole  Hex/Summ       75%        N/A       1%          3
e - Summon Lightning Spi  Summ/Air       72%        N/A       1%          4
f - Summon Cactus Giant   Summ           43%        N/A       1%          6

Your spell library contained the following spells:

 Spells                   Type           Power      Damage    Failure   Level
 Scorch                   Fire           54%        2d7       2%          2
 Sublimation of Blood     Necr           27%        N/A       2%          2
 Anguish                  Hex/Necr       23%        N/A       4%          4
 Corpse Rot               Necr/Pois/Air  36%        N/A       9%          4
 Dispel Undead            Necr           27%        3d13      14%         4
 Flame Wave               Conj/Fire      27%        2d7       14%         4
 Petrify                  Tmut/Erth      27%        N/A       14%         4
 Irradiate                Conj/Tmut      13%        3d16      38%         5
 Enfeeble                 Hex            30%        N/A       71%         7
 Death Channel            Necr           13%        N/A       92%         6


Dungeon Overview and Level Annotations

Branches:
Dungeon (13/15)            Temple (1/1) D:5            Lair (0/5) D:11
    Orc (0/2) D:11
 Vaults: D:13-14

Altars:
Ashenzari
Cheibriados
Dithmenos
Elyvilon
Fedhas
Gozag
Hepliaklqana
Kikubaaqudgha
Makhleb
Nemelex Xobeh
Okawaru
Qazlal
Ru
Sif Muna
Trog
Uskayaw
Vehumet
Wu Jian
Xom
Yredelemnul
Zin
The Shining One

Shops:
D:1 :(   D:2 !   D:7 *   D:10 :


Innate Abilities, Weirdness & Mutations

You are partially covered in iridescent scales. (AC +2)
You are agile. (Dex +4, Str/Int -1)
You are robust. (+10% HP)


Message History

Flame seeps out of your guardian golem. The gargoyle misses you.
Your guardian golem is engulfed in blazing flames.
Flame seeps out of your guardian golem.
Your cactus giant closely misses the gargoyle.
The gargoyle hits you with a +2 vorpal mace.
Found a scale mail.
You swap places.
The gargoyle hurls a stone arrow at you.
The stone arrow hits you!
* * * LOW HITPOINT WARNING * * *
Your cactus giant barely misses the gargoyle.
A komodo dragon comes into view.
The komodo dragon hisses angrily.
Your cactus giant disappears in a puff of smoke!
You fade into invisibility!
The gargoyle hurls a stone arrow at you.
The stone arrow misses you.
A green ugly thing comes into view.
The gargoyle hurls a stone arrow at you.
The stone arrow misses you.
There is a stone staircase leading up here.
The komodo dragon misses you.
You climb upwards.
Your summoned ally is left behind.
There is a stone staircase leading down here.
As you read the scroll of teleportation, it crumbles to dust.
You feel strangely unstable.
Found a potion of attraction.
Your surroundings suddenly seem different.
A centaur comes into view.
Found a scale mail, 2 stones and 14 gold pieces.
The centaur hits something but does no damage.
The centaur kicks something but does no damage.
The centaur hits something.
The centaur kicks something but does no damage.
The centaur hits the bush but does no damage.
The centaur kicks the bush but does no damage.
The centaur wields a +0 shortbow.
The centaur shoots an arrow.
The arrow hits you!
You die...

.. ... ..#
##.. ####$..
##....##
#....(.#
####..@...#
#......≈≈###
#......≈..[cP
#......≈≈####
#.........#
#.........#
#####....##
######


You could see a centaur (unable to see you).

Vanquished Creatures (collateral kills)
  A centaur warrior (D:12)
  A two-headed ogre (D:11)
  A cyclops (D:10)
  3 trolls
  A hornet (D:10)
  3 wraiths
  2 shadows
  A steam dragon (D:7)
  6 yaks (D:9)
  2 acid dragons (D:10)
  A water moccasin (D:6)
  A nameless horror (D:10)
  2 ice beasts (D:7)
  A swamp drake (D:11)
  4 orc warriors
  2 black bears (D:6)
  2 sky beasts
  6 wolves
  5 centaurs
  2 ogres
  2 phantoms
  2 kobold brigands
  A necrophage (D:5)
  A gnoll sergeant (D:6)
  2 bullfrogs
  A scorpion (D:5)
  2 wights (D:9)
  26 killer bees
  3 electric eels (D:11)
  7 howler monkeys
  3 jellies
  A gnoll bouda (D:6)
  6 orc priests
  5 hounds
  An iguana (D:5)
  11 orc wizards
  Robin (D:2)
  14 gnolls
  2 adders
  A river rat (D:4)
  2 white imps
  An ufetubus (D:5)
  4 worms
  A dart slug (D:5)
  39 orcs
  8 endoplasms
  5 giant cockroaches
  14 goblins
  7 hobgoblins
  3 jackals (D:4)
  20 kobolds
  3 quokkas
  8 ball pythons
  3 bats (D:1)
  A frilled lizard (D:3)
  8 rats
266 creatures vanquished.

Vanquished Creatures (others)
  A two-headed ogre (D:9)
  A troll (D:5)
  A vampire (D:12)
  4 yaks (D:9)
  An orc warrior (D:11)
  A centaur (D:12)
  A wight (D:9)
  2 killer bees (D:9)
  A howler monkey (D:10)
  An orc wizard (D:9)
14 creatures vanquished.

Grand Total: 280 creatures vanquished

Notes
Turn   | Place    | Note
-------+----------+-------------------------------------------
     0 | D:1      | Aurophilus the Deep Elf Summoner began the quest for the
                  | Orb.
     0 | D:1      | Reached XP level 1. HP: 10/10 MP: 6/6
   537 | D:1      | Reached XP level 2. HP: 15/15 MP: 5/8
   540 | D:1      | Learned a level 2 spell: Call Imp
   982 | D:1      | Found Soraus's Weapon Emporium.
  1202 | D:1      | Found Ygohoung's Book Shoppe.
  1631 | D:2      | Noticed Robin
  1632 | D:2      | Found a broken altar of Ashenzari.
  1667 | D:2      | Found Dysoobb's Distillery.
  2066 | D:2      | Reached skill level 4 in Spellcasting
  2067 | D:2      | Reached XP level 3. HP: 19/19 MP: 4/10
  2071 | D:2      | Learned a level 3 spell: Call Canine Familiar
  2075 | D:2      | Learned a level 3 spell: Summon Guardian Golem
  2263 | D:2      | Killed Robin
  2264 | D:2      | Reached skill level 5 in Summonings
  2997 | D:3      | Reached XP level 4. HP: 24/24 MP: 6/12
  3319 | D:3      | Found a faded altar of an unknown god.
  3538 | D:3      | Reached skill level 1 in Hexes
  3810 | D:3      | Found a snail-covered altar of Cheibriados.
  4515 | D:4      | Noticed a yak
  4516 | D:4      | Noticed a centaur
  4695 | D:4      | Reached skill level 5 in Spellcasting
  5313 | D:4      | Reached XP level 5. HP: 25/28 MP: 8/14
  5643 | D:4      | Learned a level 4 spell: Summon Lightning Spire
  6163 | D:5      | Entered Level 5 of the Dungeon
  6164 | D:5      | Found a staircase to the Ecumenical Temple.
  6173 | Temple   | Entered the Ecumenical Temple
  6222 | Temple   | Became a worshipper of Sif Muna the Loreminder
  6256 | D:5      | Noticed a phantom
  6275 | D:5      | Killed a phantom
  6337 | D:5      | Found a stormy altar of Qazlal.
  6361 | D:5      | Reached XP level 6. HP: 32/32 MP: 16/16
  6401 | D:5      | Reached skill level 6 in Spellcasting
  6711 | D:5      | Noticed a troll
  6720 | D:5      | Killed a troll
  6721 | D:5      | Reached skill level 1 in Air Magic
  6721 | D:5      | Reached XP level 7. HP: 36/36 MP: 2/19
  7056 | D:5      | Reached skill level 7 in Spellcasting
  7411 | D:5      | Reached * piety under Sif Muna
  7491 | D:5      | Found a white marble altar of Elyvilon.
  7494 | D:5      | Found an iron altar of Okawaru.
  7498 | D:5      | Found a hazy altar of Hepliaklqana.
  7843 | D:6      | Reached skill level 8 in Spellcasting
  7843 | D:6      | Reached XP level 8. HP: 33/41 MP: 15/22
  8218 | D:6      | Reached skill level 9 in Spellcasting
  8951 | D:7      | Found a shimmering altar of Xom.
  8952 | D:7      | Found an opulent altar of Gozag.
  8966 | D:7      | Reached skill level 10 in Spellcasting
  9199 | D:7      | Found Ishil's Assorted Antiques.
  9277 | D:7      | Reached XP level 9. HP: 31/45 MP: 14/25
  9391 | D:7      | Reached ** piety under Sif Muna
  9416 | D:7      | Identified the +4 ring mail of Cogu {rElec rPois rCorr
                  | Str-2}
  9480 | D:7      | Learned a level 6 spell: Summon Cactus Giant
  9502 | D:7      | Reached skill level 11 in Spellcasting
  9584 | D:7      | Found a sparkling altar of Nemelex Xobeh.
  9597 | D:7      | Found a sacrificial altar of Ru.
 10299 | D:8      | Reached skill level 10 in Summonings
 10880 | D:8      | You fall into a shaft and drop 2 floors!
 10880 | D:10     | Entered Level 10 of the Dungeon
 10905 | D:10     | Reached skill level 12 in Spellcasting
 11021 | D:10     | Noticed a troll
 11032 | D:10     | Killed a troll
 11186 | D:10     | Found Zolouwn's Book Shoppe.
 11210 | D:9      | Reached XP level 10. HP: 50/50 MP: 13/28
 11408 | D:8      | Reached *** piety under Sif Muna
 11420 | D:8      | Reached skill level 13 in Spellcasting
 12066 | D:8      | Gained mutation: You are robust. (+10% HP) [potion of
                  | mutation]
 12066 | D:8      | Gained mutation: You are partially covered in iridescent
                  | scales. (AC +2) [potion of mutation]
 12066 | D:8      | Gained mutation: You are agile. (Dex +4, Str/Int -1)
                  | [potion of mutation]
 12108 | D:8      | Upgraded the game from 0.29-a0-887-gcbe080d7e0 to
                  | 0.29-a0-892-g2c4c91d9db
 12474 | D:9      | Reached **** piety under Sif Muna
 12712 | D:9      | Noticed a two-headed ogre
 12716 | D:9      | Reached skill level 14 in Spellcasting
 12734 | D:9      | Killed a two-headed ogre
 12779 | D:9      | Reached skill level 5 in Hexes
 14128 | D:11     | Reached XP level 11. HP: 59/59 MP: 11/31
 14145 | D:11     | Reached skill level 15 in Spellcasting
 15054 | D:11     | Noticed a two-headed ogre
 15068 | D:11     | Killed a two-headed ogre
 15487 | D:11     | Found a staircase to the Lair.
 15512 | D:11     | Identified the +11 hand axe of the Mind {vorpal, Will+
                  | Int+4 Stlth+}
 15686 | D:11     | Found a sacrificial altar of Ru.
 15938 | D:11     | Found a staircase to the Orcish Mines.
 16474 | D:12     | Noticed a centaur warrior
 16487 | D:12     | Killed a centaur warrior
 16487 | D:12     | Reached ***** piety under Sif Muna
 16505 | D:12     | Reached skill level 1 in Invocations
 16512 | D:12     | Noticed a centaur warrior
 16579 | D:13     | Noticed a green ugly thing
 16591 | D:12     | Shot with an arrow by a centaur

Illustrated notes

Levels and vault maps discovered:
D:1:      roderic_crossed_star, layout_loops_ring, serial_shops, shop,
          nicolae_shop_crystal, minmay_distorted
D:2:      layout_loops_ring, basic_altar, serial_shops, shop_statue, uniq_robin
D:3:      layout_basic, general_overflow_altar, serial_co_window_serial,
          co_window_paths_a, co_window_corner_a, co_window_cross_1,
          co_window_corner_a, co_window_corner_a, co_window_corner_a,
          co_window_unsneaky_path_b, co_window_broadway_c, co_window_paths_c,
          co_window_4corner_b, co_window_paths_d, shapermc_ecumenical_altar_venn
D:4:      layout_layer_cave, portal_sewer_entry_b,
          nicolae_concentric_dashed_squares_wild, lightli_corner_chamber
D:5:      layout_loops_ring, grunt_temple_overflow_diamond,
          mainiacjoe_overflow_small_starburst, minmay_temple_entry_poolview,
          minmay_manual_macuahuitl
D:6:      layout_loops_ring
D:7:      layout_cave_pools, grunt_temple_overflow_open, serial_shops,
          nicolae_shop_temple_entry_statues_fountains,
          kennysheep_opposing_triangles
D:8:      layout_loops_corners
D:9:      layout_loops_cross, grunt_decor_resistance, corexii_leaking_fountain
D:10:     layout_long_grid, serial_shops, shop_statue, kennysheep_doodads,
          minivault_27, kennysheep_flooded_box, minmay_misc_feat_ornament,
          nrook_mini_vaults, kennysheep_generic_room_11
D:11:     layout_loops_ring, erik_lair_island, erik_orc_1,
          nicolae_ru_the_path_less_chosen
D:12:     layout_rooms, kb_lookout_dungeons_type
D:13:     layout_small_grid, erik_vaults_2
Temple:   nicolae_temple_god_jail

Skill      XL: |  1  2  3  4  5  6  7  8  9 10 11 |
---------------+----------------------------------+-----
Spellcasting   | 4 5 6 8 10 12 14 15 | 15.9
Summonings     | 5 6 7 9 10 12 13 | 13.3
Hexes          | 1 2 3 4 5 |  5.9
Stealth        | 3 |  3.6
Air Magic      | 1 2 3 4 |  4.1
Dodging        | 3 |  3.9
Invocations    | 1 |  1.8

Action                   |  1- 3 |  4- 6 |  7- 9 | 10-12 || total
-------------------------+-------+-------+-------+-------++-------
 Cast: Summon Small Mamm |    69 |    51 |    60 |    29 ||   209
       Call Imp          |    14 |    11 |    17 |    15 ||    57
       Call Canine Famil |     7 |    12 |    24 |    27 ||    70
       Summon Guardian G |     1 |     4 |    16 |    31 ||    52
       Summon Lightning  |       |       |    35 |    37 ||    72
       Summon Cactus Gia |       |       |       |    19 ||    19
  Use: Scroll            |     7 |     2 |     6 |     8 ||    23
       Potion            |       |       |       |     9 ||     9
Armor: Robe              |     5 |       |     3 |    29 ||    37
Dodge: Dodged            |    22 |    18 |    26 |    91 ||   157

Table legend: (Time is in decaauts)
 A = Elapsed time spent in this place.
 B = Non-inter-level travel time spent in this place.
 C = Inter-level travel time spent in this place.
 D = Time resting spent in this place.
 E = Time spent auto-exploring this place.
 F = Levels seen in this place.
 G = Mean time per level.
                   A        B        C        D        E       F      G
               +--------+--------+--------+--------+--------+-----+--------+
         Total |  16598 |  15981 |    617 |   2451 |  10598 |  14 | 1185.6 |
       Dungeon |  16535 |  15929 |    606 |   2451 |  10569 |  13 | 1271.9 |
        Temple |     63 |     52 |     11 |      0 |     29 |   1 |   63.0 |
               +--------+--------+--------+--------+--------+-----+--------+

Top non-repeatable levels by time:
    D:10: 2314 daAuts
     D:8: 1895 daAuts
     D:4: 1684 daAuts
     D:1: 1629 daAuts
     D:5: 1607 daAuts
     D:3: 1490 daAuts
     D:2: 1359 daAuts
     D:7: 1146 daAuts
     D:6: 1113 daAuts
     D:9: 1084 daAuts
    D:11: 1037 daAuts
    D:12: 109 daAuts
  Temple: 63 daAuts
    D:13: 62 daAuts
